 Dungeon Crawl Stone Soup version 0.31-a0-426-g3a05650e59 (webtiles) character file.

Game seed: 15302438821159462259

111 quinnr the Gusty (level 4, 0/25 HPs)
             Began as a Tengu Air Elementalist on July 30, 2023.
             Succumbed to Ijyb's poison
             ... on level 3 of the Dungeon.
             The game lasted 00:03:39 (2131 turns).

quinnr the Gusty (Tengu Air Elementalist)           Turns: 2131, Time: 00:03:40

Health: 0/25       AC:  3    Str:  9    XL:     4   Next: 92%
Magic:  6/9        EV: 12    Int: 23    God:
Gold:   90         SH:  0    Dex: 14    Spells: 8/9 levels left

rFire   . . .        (no weapon)
rCold   . . .        (no shield)
rNeg    . . .        a - +0 robe
rPois   .            (helmet restricted)
rElec   .            (no cloak)
rCorr   .            h - +0 pair of gloves
SInv    .            (boots unavailable)
Will    .....        (no amulet)
Stlth   ++           I - +6 ring of intelligence
HPRegen 0.24/turn    Z - ring of wizardry
MPRegen 0.11/turn

%: wizardry (x1)
@: lethally poisoned (0 -> -13)
A: beak, talons 3
a: no special abilities


You were on level 3 of the Dungeon.
You visited 1 branch of the dungeon, and saw 3 of its levels.

You collected 90 gold pieces.


Innate Abilities, Weirdness & Mutations

You have a beak for a mouth.
You have claws for feet.


   Skills:
 - Level 1.0 Fighting
 - Level 2.1 Dodging
 - Level 3.0 Stealth
 - Level 3.0 Spellcasting
 - Level 1.3 Conjurations
 + Level 5.5 Air Magic


You had 8 spell levels left.
You knew the following spells:

 Your Spells              Type           Power      Damage    Failure   Level
z - Shock                 Conj/Air       76%        1d7       1%          1

Your spell library contained the following spells:

 Spells                   Type           Power      Damage    Failure   Level
 Static Discharge         Conj/Air       38%        2-4/arc   1%          2
 Swiftness                Air            28%        N/A       1%          3
 Slow                     Hex            12%        N/A       4%          1
 Summon Small Mammal      Summ           12%        N/A       4%          1
 Airstrike                Air            14%        2d(2-18)  4%          4
 Call Canine Familiar     Summ           3%         N/A       14%         3
 Confusing Touch          Hex            3%         N/A       14%         3
 Summon Guardian Golem    Hex/Summ       3%         N/A       14%         3
 Vampiric Draining        Necr           3%         2d6       14%         3

Inventory:

Missiles
 f - a throwing net {=f}
Armour
 a - a +0 robe (worn)
 h - a +0 pair of gloves (worn)
Jewellery
 I - a +6 ring of intelligence (left hand)
 Z - a ring of wizardry (right hand)
Scrolls
 c - a scroll of noise {unknown}
 d - 2 scrolls of identify {unknown}
 e - a scroll of blinking {unknown}
 g - a scroll of immolation {unknown}
 j - a scroll of enchant weapon {unknown}
 k - a scroll of poison {unknown}
Potions
 b - a potion of magic

Dungeon Overview and Level Annotations

Branches:
Dungeon (3/15)

Altars:

Annotations:
D:2 digvault
D:3 Ijyb

#......#.#.#.#.#.##
####.##.#.#.#.#.#.#
#.#.#.#.#.#.#.##
#.##.#.#.#.#.
#.#.#.#.#.#.
#.##.#.#.#.#
#######
#........###
:...... #.########
....... #@# .......
#g# .$.....##.#
.>.....'..#
...>...#### .......
#######


You could see Ijyb.


Message History

The zap hits the hobgoblin.
The hobgoblin is lightly wounded.
The zap hits Ijyb but does no damage.
Ijyb is lightly wounded.
The zap misses Ijyb.
The zap hits the hobgoblin!
You kill the hobgoblin!
You feel sick.
Unknown command.
Casting: Shock (safe; 1% risk of failure)
Confirm with . or Enter, or press ? or * to list all spells.
Aiming: Shock (safe; 1% risk of failure)
Press: ? - help, Shift-Dir - straight line, f/p - Ijyb
Aim: Ijyb, wielding a +1 dagger of venom, wearing a +0 chain mail of poison resistance and carrying a wand of charming (71% to hit)
The zap hits Ijyb.
Ijyb is lightly wounded.
The zap hits Ijyb!
Ijyb is moderately wounded.
You feel sick.
Ijyb hits you with a +1 dagger of venom.
* * * LOW HITPOINT WARNING * * *
You are more poisoned.
Unknown command.
Casting: Shock (safe; 1% risk of failure)
Confirm with . or Enter, or press ? or * to list all spells.
Aiming: Shock (safe; 1% risk of failure)
Press: ? - help, Shift-Dir - straight line, f/p - Ijyb
Aim: Ijyb, wielding a +1 dagger of venom, wearing a +0 chain mail of poison resistance and carrying a wand of charming (moderately wounded, 71% to hit)
The zap misses Ijyb.
The zap hits Ijyb.
Ijyb is heavily wounded.
You die...

Skill      XL: |  1  2  3  4 |
---------------+-------------+-----
Air Magic      | 5 |  5.5
Stealth        | 3 |  3.0
Spellcasting   | 3 |  3.0
Fighting       | 1 |  1.0
Dodging        | |  2.1
Conjurations   | |  1.3

Action                     |  1- 3 |  4- 6 || total
---------------------------+-------+-------++-------
  Melee: Unarmed           |       |     2 ||     2
   Cast: Shock             |    60 |    19 ||    79
    Use: Potion            |       |     2 ||     2
 Armour: Robe              |     1 |     1 ||     2
  Dodge: Dodged            |     3 |     9 ||    12

Levels and vault maps discovered:
D:1:      spicycebolla_green_bress_n_ham, layout_basic, minmay_misc_feat_doors,
          minmay_pentomino_s4
D:2:      layout_loops_ring, item_on_display_a, uniq_natasha
D:3:      layout_basic, minivault_23, uniq_ijyb

Notes
Turn   | Place    | Note
-------+----------+-------------------------------------------
     0 | D:1      | quinnr the Tengu Air Elementalist began the quest for the
                  | Orb.
     0 | D:1      | Reached XP level 1. HP: 10/10 MP: 4/4
   229 | D:1      | Reached XP level 2. HP: 15/15 MP: 3/6
   771 | D:1      | Reached XP level 3. HP: 14/19 MP: 2/7
   824 | D:1      | Reached skill level 5 in Air Magic
  1659 | D:2      | Reached skill level 3 in Stealth
  1675 | D:2      | Noticed Natasha
  1688 | D:2      | Killed Natasha
  1689 | D:2      | Reached skill level 3 in Spellcasting
  1689 | D:2      | Reached XP level 4. HP: 24/24 MP: 7/9
  1872 | D:2      | Reached skill level 1 in Fighting
  2112 | D:3      | Noticed Ijyb
  2131 | D:3      | Succumbed to Ijyb's poison

Vanquished Creatures
  Natasha (D:2)
  A gnoll (D:1)
  4 adders
  4 dart slugs (D:1)
  4 bats
  2 endoplasms (D:2)
  2 giant cockroaches
  4 hobgoblins
  A quokka (D:1)
  3 ball pythons (D:2)
  2 frilled lizards (D:1)
  3 goblins (D:1)
  4 kobolds
  3 rats
38 creatures vanquished.

Table legend: (Time is in decaauts)
 A = Elapsed time spent in this place.
 B = Non-inter-level travel time spent in this place.
 C = Inter-level travel time spent in this place.
 D = Time resting spent in this place.
 E = Time spent auto-exploring this place.
 F = Levels seen in this place.
 G = Mean time per level.
                   A        B        C        D        E       F      G
               +--------+--------+--------+--------+--------+-----+--------+
         Total |   2129 |   2092 |     37 |     10 |   1790 |   3 |  709.7 |
       Dungeon |   2129 |   2092 |     37 |     10 |   1790 |   3 |  709.7 |
               +--------+--------+--------+--------+--------+-----+--------+

Top non-repeatable levels by time:
     D:1: 1104 daAuts
     D:2: 884 daAuts
     D:3: 140 daAuts

Table legend:
 A = Non-vault XP
 B = Vault XP
 C = Vault XP percentage of total XP
 D = Non-vault monster count
 E = Vault monster count
 F = Vault count percentage of total count
                 A         B        C        D         E       F
            +---------+---------+-------+---------+---------+-------
      Total |     119 |      40 |  25.2 |      34 |       4 |  10.5
            +---------+---------+-------+---------+---------+-------
        D:1 |      44 |       8 |  15.4 |      16 |       3 |  15.8
        D:2 |      59 |      32 |  35.2 |      15 |       1 |   6.2
        D:3 |      16 |       0 |   0.0 |       3 |       0 |   0.0
            +---------+---------+-------+---------+---------+-------

Levels and vault maps discovered:
D:1:      spicycebolla_green_bress_n_ham, layout_basic, minmay_misc_feat_doors,
          minmay_pentomino_s4
D:2:      layout_loops_ring, item_on_display_a, uniq_natasha
D:3:      layout_basic, minivault_23, uniq_ijyb
